Unix NetHack Version 3.7.0-101 Work-in-progress - last build Mar 25 2024 11:18:41 (462964f8eaac915e699fc3a71b43428251fec12b,branch:master). Game began 2024-03-30 22:03:04, ended 2024-03-31 11:43:51. Gilette, neutral male gnomish Wizard ....--- .d....|. -@..f.<^- --.|..... ------ Gilette the Conjurer St:11 Dx:14 Co:11 In:18 Wi:11 Ch:10 Neutral Dlvl:4 $:31 HP:0(23) Pw:13(33) AC:9 Xp:3/49 T:1120 Latest messages: (For instructions type a '?') Talk to whom? (in what direction) 3 Loki purrs. You descend the stairs. Loki bites the giant rat. The giant rat misses Loki. Loki misses the giant rat. You hit the giant rat. Loki bites the giant rat. The giant rat is killed! The giant rat bites! Loki eats a giant rat corpse. You hit the giant rat. The giant rat bites! You hit the giant rat. The giant rat bites! You feel more confident in your weapon skills. (Use the #enhance command to advance them.) You hit the giant rat. Loki bites the giant rat. The giant rat is killed! A board beneath Loki squeaks an F sharp loudly. You are now more skilled in dagger. You swap places with Loki. What do you want to use or apply? Never mind. A board beneath the jackal squeaks an F sharp loudly. You hit the little dog. The little dog bites! You hear some noises in the distance. The little dog bites! In what direction? 8 The spell misses the little dog. The little dog bites! The little dog bites! In what direction? . You feel better. The little dog bites! In what direction? 8 The spell misses the little dog. The little dog bites! In what direction? 8 The spell misses the little dog. The little dog bites! You miss the little dog. The little dog bites! You miss the little dog. The little dog bites! The little dog bites! You die... Inventory: Coins ('$') $ - 31 gold pieces Weapons (')') E - 9 uncursed +0 arrows H - 17 cursed -1 arrows x - 9 uncursed +0 darts C - an uncursed +0 elven dagger (weapon in right hand) o - an uncursed +0 orcish dagger a - a blessed +1 quarterstaff Armor ('[') b - a blessed +0 cloak of magic resistance (being worn) Comestibles ('%') A - an uncursed food ration y - a cursed food ration Scrolls ('?') i - a blessed scroll of enchant armor u - a cursed scroll of enchant weapon k - an uncursed scroll of genocide j - an uncursed scroll of light Spellbooks ('+') v - an uncursed spellbook of cure blindness l - a blessed spellbook of force bolt m - an uncursed spellbook of healing Potions ('!') f - 3 uncursed potions of healing w - a cursed potion of healing h - an uncursed potion of restore ability g - an uncursed potion of water q - a potion of unholy water Rings ('=') e - an uncursed ring of cold resistance (on right hand) d - an uncursed ring of fire resistance (on left hand) Wands ('/') c - an uncursed wand of lightning (0:6) z - an uncursed wand of secret door detection (0:11) t - an uncursed wand of slow monster (0:6) Tools ('(') r - an empty uncursed sack n - an uncursed magic marker (0:20) F - an uncursed skeleton key Gems/Stones ('*') D - an uncursed jacinth stone B - an uncursed worthless piece of green glass G - an uncursed worthless piece of white glass p - an uncursed luckstone Gilette the Wizard's attributes: Background: You were a Conjurer, a level 3 male gnomish Wizard. You were neutral, nominally on a mission for Thoth who was opposed by Ptah (lawful) and Anhur (chaotic). You were right-handed. You were in the Gnomish Mines, on level 4. You entered the dungeon 1120 turns ago. You had 49 experience points, 31 more were needed to attain level 4. Basics: You had 0 out of 23 hit points. You had 13 out of 33 energy points (spell power). Your armor class was 9. Your wallet contained 31 zorkmids. Autopickup was on for '$?!"=/*' plus thrown, with exceptions. Final Characteristics: Your strength was 11 (limit:18/50). Your dexterity was 14 (limit:18). Your constitution was 11 (limit:18). Your intelligence was 18 (limit:19). Your wisdom was 11 (limit:18). Your charisma was 10 (limit:18). Final Status: You weren't hungry. You were unencumbered. You were wielding a dagger. You had basic skill with dagger. Final Attributes: You were fervently aligned. You were magic-protected. You were fire resistant. Your items were protected from fire. You were cold resistant. Your items were protected from cold. You had infravision. You were warded. You were lucky. You had extra luck. Bad luck did not time out for you. Good luck did not time out for you. You are dead. Miscellaneous: You never encountered a bones level. Total elapsed playing time was 12 minutes and 20 seconds. Major events: Turn 1: Gilette the neutral male gnomish Wizard entered the dungeon 565: entered the Gnomish Mines 618: attained the rank of Conjurer (level 3) 1120: killed by a little dog Vanquished creatures: 2 dwarves an acid blob 3 hobbits 2 giant rats a yellow mold a gnome zombie 3 geckos 3 jackals a fox 2 goblins 6 grid bugs 2 lichens a kobold zombie 5 newts 33 creatures vanquished. No species were genocided or became extinct. Voluntary challenges: You were an atheist. You read items or engraved 5 times. You engraved Elbereth 2 times. You never genocided any monsters. You never polymorphed an object. You never changed form. You used no wishes. Achievements: You entered a shop. You entered the Gnomish Mines. You attained the rank of Conjurer. The Dungeons of Doom: levels 1 to 2 Level 1: An altar, a fountain. Level 2: Stairs down to The Gnomish Mines. The Gnomish Mines: levels 3 to 4 Level 3: Level 4: <- You were here. Final resting place for you, killed by a little dog. Game over: ---------- / \ / REST \ / IN \ / PEACE \ / \ | Gilette | | 31 Au | | killed by a | | little dog | | | | | | 2024 | *| * * * | * _________)/\\_//(\/(/\)/\//\/|_)_______ Goodbye Gilette the Wizard... You died in The Gnomish Mines on dungeon level 4 with 374 points, and 31 pieces of gold, after 1120 moves. You were level 3 with a maximum of 23 hit points when you died.